 Dungeon Sprint DCSS version 0.30-a0-591-g3c58d2bc28 (webtiles) character file.

Game seed: 8998246120603490235

18281 mhtbhm the Brawler (level 12, -2/142 HPs)
             Began as a Troll Transmuter on Jan 5, 2023.
             Was an Initiate of Gozag.
             Slain by an ice dragon (4 damage)
             ... while paralysed by an air elemental
             ... in the Dungeon (Sprint VII: "The Pits").
             The game lasted 00:08:16 (2156 turns).

mhtbhm the Brawler (Troll Transmuter)               Turns: 2156, Time: 00:08:17

Health: -2/142     AC:  9    Str: 29    XL:     12   Next: 26%
Magic:  20/23      EV:  1    Int:  9    God:    Gozag
Gold:   1035       SH:  0    Dex: 10    Spells: 18/28 levels left

rFire   . . .      SeeInvis +      - Unarmed
rCold   + + +      Faith    .    (shield currently unavailable)
rNeg    + + .      Spirit   .    (body armour currently unavailable)
rPois   +          Reflect  +    (helmet currently unavailable)
rElec   .          Harm     .    (cloak currently unavailable)
rCorr   .          Rampage  .    (gloves unavailable)
Will    .....      NoTele   +    (boots unavailable)
Stlth   +++                      p - amulet of reflection
HPRegen 1.23/turn                s - ring "Oblyceneo" {Drain rF+ rN++ Str+4 SInv}
MPRegen 0.18/turn                m - +3 ring of protection

@: paralysed, ice-form, wereblooded, gold aura
A: freezing attack, amphibious, boosted hp, large, unfitting armour, (claws 3),
regeneration 1, (shaggy fur 1), (tough skin 1)
a: End Transformation, Renounce Religion, Potion Petition, Call Merchant, Bribe
Branch


You were in the Dungeon.
You worshipped Gozag.
Gozag was most pleased with you.
You were a creature of crystalline ice.
You visited 1 branch You collected 6706 gold pieces.
You spent 1107 gold pieces at shops.
You paid 4564 gold pieces to Gozag.

Inventory:

Missiles
 t - a curare-tipped dart
Armour
 a - a +0 robe (melded)
 o - a +0 cloak (melded)
Jewellery
 m - a +3 ring of protection (right front paw)
 p - an amulet of reflection (around neck)
 s - the ring "Oblyceneo" (left front paw) {Drain rF+ rN++ Str+4 SInv}
   (You bought it in a shop in the Dungeon)

   [ring of see invisible]

   Str:       It affects your strength (+4).
   rF:        It protects you from fire.
   rN:        It greatly protects you from negative energy.
   SInv:      It lets you see invisible.
   Drain:     It drains your maximum health when unequipped.
 u - a ring of fire
 w - a ring of magical power
 x - a ring of positive energy
Scrolls
 h - a scroll of blinking
 j - 5 scrolls of amnesia
 k - a scroll of butterflies
 q - 2 scrolls of fog
 r - a scroll of immolation
 v - 3 scrolls of identify
 y - 4 scrolls of enchant armour
 B - 2 scrolls of enchant weapon
Potions
 b - a potion of lignification
 c - 10 potions of curing
 d - 14 potions of heal wounds
 e - 2 potions of haste
 f - 3 potions of magic
 g - 4 potions of berserk rage
 i - 2 potions of invisibility
 l - a potion of experience {unknown}
 n - 2 potions of mutation
 A - a potion of might


   Skills:
 + Level 7.7 Fighting
 + Level 9.0 Dodging
 + Level 5.7 Stealth
 + Level 4.1 Shields
 + Level 20.0 Unarmed Combat
 + Level 8.5 Spellcasting
 + Level 9.0 Transmutations
 + Level 5.2 Ice Magic
 + Level 1.8 Poison Magic


You had 18 spell levels left.
You knew the following spells:

 Your Spells              Type           Power      Damage    Failure   Level
a - Beastly Appendage     Tmut           40%        N/A       1%          1
b - Wereblood             Tmut           20%        N/A       1%          2
c - Spider Form           Tmut/Pois      13%        N/A       5%          3
d - Ice Form              Ice/Tmut       16%        N/A       9%          4

Your spell library contained the following spells:

 Spells                   Type           Power      Damage    Failure   Level


Dungeon Overview and Level Annotations

Branches:
Dungeon (1/1)

Altars:
Ashenzari
Cheibriados
Dithmenos
Elyvilon
Fedhas
Gozag
Hepliaklqana
Kikubaaqudgha
Makhleb
Nemelex Xobeh
Okawaru
Qazlal
Ru
Sif Muna
Trog
Uskayaw
Vehumet
Wu Jian
Xom
Yredelemnul
Zin
The Shining One
Jiyva
Lugonu

Shops:
D =!?=[


Innate Abilities, Weirdness & Mutations

You are a creature of crystalline ice.
You have a powerful freezing melee attack.
You are amphibious.
Your maximum health is increased.
Your armour is entirely melded.
You are incapable of wielding weapons or throwing items.
You are too large for most types of armour.
((You have claws for hands.))
Your natural rate of healing is unusually fast.
((You are covered in fur. (AC +1)))
((You have tough skin. (AC +1)))


Message History

You pummel the death yak like a punching bag!!!
You freeze the death yak!
The death yak is severely wounded.
The death yak gores you!
You punch the death yak! You freeze the death yak!
You feel a bit better.
You kill the death yak!
You howl as the wereblood boils in your veins!
Your Dodging skill increases to level 9!
Unknown command.
The ice dragon breathes frost at you. The blast of cold hits you! You resist.
You see here 207 gold pieces.
You hit the ice dragon.
The ice dragon is lightly wounded.
The adder zombie closely misses you.
The ice dragon bites you but does no damage.
You block the ice dragon's attack. The ice dragon tramples you!
You stumble backwards!
You pummel the ice dragon!! You freeze the ice dragon.
The ice dragon is moderately wounded.
The ice dragon misses you. The ice dragon claws you.
* * * LOW HITPOINT WARNING * * *
The ice dragon tramples you but does no damage.
You pummel the ice dragon!!
The ice dragon is severely wounded.
The air elemental fires a burst of electricity at you.
The stunning burst hits you!
You suddenly lose the ability to move!
* * * LOW HITPOINT WARNING * * *
The air elemental hits you!
* * * LOW HITPOINT WARNING * * *
The air elemental hits you!
* * * LOW HITPOINT WARNING * * *
The air elemental fires a burst of electricity at you.
The stunning burst hits you!
* * * LOW HITPOINT WARNING * * *
The ice dragon bites you.
* * * LOW HITPOINT WARNING * * *
The ice dragon claws you.
You die...
Your body crumbles into a pile of gold.

+..#....#..#
+..........#
#..........#
#..#....#..#
+.°°.......#
+...°......#
#..#.°○.#..#
#.....EB...+
#....ZDY...+
###''####''#
###''####''#############
#...$..##...............
#.#D##.##......[........
#.#E. .##..#############
# +:|# ##..# #:=+ #..#
######### +))# #).#


You could see an ice dragon, a boulder beetle (rolling), an air elemental and an
adder zombie.

Vanquished Creatures
  Gastronok (D)
  Agnes (D)
  A spriggan defender (D)
  A lorocyproca (D)
  A fire dragon (D)
  A hydra (D)
  A rakshasa (D)
  2 alligators (D)
  2 boulder beetles (D)
  A naga warrior (D)
  A vampire mage (D)
  2 death yaks (D)
  A naga sharpshooter (D)
  A deep troll (D)
  An orc sorcerer (D)
  A salamander (D)
  2 smoke demons (D)
  Joseph (D)
  A molten gargoyle (D)
  A gargoyle (D)
  An ice devil (D)
  A tyrant leech (D)
  5 blink frogs (D)
  A snapping turtle (D)
  A flying skull (D)
  A jumping spider (D)
  3 shadows (D)
  A wraith (D)
  An air elemental (D)
  A ynoxinul (D)
  Grum (D)
  A basilisk (D)
  A redback (D)
  A warg (D)
  2 water moccasins (D)
  An acid dragon (D)
  2 ogres (D)
  7 wolves (D)
  2 kobold brigands (D)
  2 scorpions (D)
  A jelly (D)
  A quasit (D)
  An orc priest (D)
  A gnoll bouda (D)
  3 orc wizards (D)
  2 hell rats (D)
  3 gnolls (D)
  An adder (D)
  A river rat (D)
  2 white imps (D)
  An ufetubus (D)
  5 orcs (D)
  A bat skeleton (D)
  A bat zombie (D)
  A giant cockroach (D)
  A goblin (D)
  A hobgoblin (D)
  7 jackals (D)
  A ball python (D)
  A ball python simulacrum (D)
  A bat (D)
  A frilled lizard (D)
  A giant cockroach zombie (D)
  A kobold (D)
100 creatures vanquished.

Notes
Turn   | Place    | Note
-------+----------+-------------------------------------------
     0 | D        | mhtbhm the Troll Transmuter began the quest for the Orb.
     0 | D        | Reached XP level 1. HP: 18/18 MP: 1/1
    17 | D        | Found a bloodstained altar of Trog.
    17 | D        | Found a shimmering blue altar of Sif Muna.
    17 | D        | Found a viscous altar of Jiyva.
    17 | D        | Found a hazy altar of Hepliaklqana.
    17 | D        | Found an opulent altar of Gozag.
    18 | D        | Found a glowing golden altar of the Shining One.
    18 | D        | Found a glowing silver altar of Zin.
    18 | D        | Found a basalt altar of Yredelemnul.
    18 | D        | Found a shimmering altar of Xom.
    18 | D        | Found an ornate altar of the Wu Jian Council.
    18 | D        | Found a sacrificial altar of Ru.
    18 | D        | Found a stormy altar of Qazlal.
    18 | D        | Found an iron altar of Okawaru.
    18 | D        | Found a sparkling altar of Nemelex Xobeh.
    18 | D        | Found a burning altar of Makhleb.
    18 | D        | Found a blossoming altar of Fedhas.
    18 | D        | Found a white marble altar of Elyvilon.
    18 | D        | Found a shadowy altar of Dithmenos.
    18 | D        | Found a snail-covered altar of Cheibriados.
    20 | D        | Found a radiant altar of Vehumet.
    20 | D        | Found a corrupted altar of Lugonu.
    21 | D        | Found a hide-covered altar of Uskayaw.
    21 | D        | Found an ancient bone altar of Kikubaaqudgha.
    21 | D        | Found a broken altar of Ashenzari.
    27 | D        | Became a worshipper of Gozag Ym Sagoz the Greedy
    66 | D        | Reached XP level 2. HP: 26/26 MP: 0/3
   105 | D        | Reached skill level 4 in Unarmed Combat
   129 | D        | Learned a level 2 spell: Wereblood
   159 | D        | Noticed a scorpion
   164 | D        | Killed a scorpion
   165 | D        | Reached skill level 1 in Fighting
   165 | D        | Reached skill level 6 in Unarmed Combat
   165 | D        | Reached XP level 3. HP: 33/33 MP: 0/6
   165 | D        | Reached XP level 4. HP: 41/41 MP: 0/7
   174 | D        | Learned a level 3 spell: Spider Form
   357 | D        | Noticed a flying skull
   366 | D        | Reached skill level 7 in Unarmed Combat
   371 | D        | Killed a flying skull
   372 | D        | Reached skill level 1 in Stealth
   372 | D        | Reached skill level 8 in Unarmed Combat
   372 | D        | Reached XP level 5. HP: 50/50 MP: 7/10
   372 | D        | Reached XP level 6. HP: 59/59 MP: 7/11
   425 | D        | Learned a level 4 spell: Ice Form
   428 | D        | Noticed a water moccasin
   433 | D        | Killed a water moccasin
   434 | D        | Reached skill level 9 in Unarmed Combat
   436 | D        | Noticed a smoke demon
   448 | D        | Killed a smoke demon
   449 | D        | Reached skill level 5 in Dodging
   449 | D        | Reached skill level 10 in Unarmed Combat
   449 | D        | Reached skill level 5 in Transmutations
   449 | D        | Reached skill level 1 in Poison Magic
   449 | D        | Reached XP level 7. HP: 14/67 MP: 6/13
   541 | D        | Reached skill level 5 in Spellcasting
   549 | D        | Noticed an ice devil
   549 | D        | Noticed an orc sorcerer
   551 | D        | Killed an orc sorcerer
   552 | D        | Reached skill level 11 in Unarmed Combat
   552 | D        | Reached XP level 8. HP: 78/78 MP: 9/15
   556 | D        | Killed an ice devil
   692 | D        | Reached skill level 12 in Unarmed Combat
   692 | D        | Reached skill level 1 in Ice Magic
   698 | D        | Noticed a deep troll
   698 | D        | Noticed an air elemental
   700 | D        | Killed an air elemental
   707 | D        | Killed a deep troll
   708 | D        | Reached skill level 13 in Unarmed Combat
   708 | D        | Reached XP level 9. HP: 56/87 MP: 13/17
   727 | D        | Bought an amulet of reflection for 360 gold pieces
   756 | D        | Reached skill level 5 in Fighting
   792 | D        | Noticed a gargoyle
   795 | D        | Killed a gargoyle
   807 | D        | Noticed a death yak
   807 | D        | Noticed a boulder beetle
   813 | D        | Killed a death yak
   814 | D        | Reached skill level 14 in Unarmed Combat
   820 | D        | Reached skill level 1 in Shields
   830 | D        | Killed a boulder beetle
   831 | D        | Reached XP level 10. HP: 57/96 MP: 16/19
   984 | D        | Bought a scroll of fog for 40 gold pieces
   984 | D        | Bought a scroll of immolation for 40 gold pieces
   990 | D        | Noticed a smoke demon
   996 | D        | Killed a smoke demon
   997 | D        | Reached skill level 15 in Unarmed Combat
  1067 | D        | Noticed a rakshasa
  1067 | D        | Noticed an alligator
  1080 | D        | Killed a rakshasa
  1086 | D        | Killed an alligator
  1094 | D        | Reached skill level 16 in Unarmed Combat
  1136 | D        | Bought the ring "Oblyceneo" {Drain rF+ rN++ Str+4 SInv} for
                  | 507 gold pieces
  1142 | D        | Noticed a naga sharpshooter
  1142 | D        | Noticed a naga warrior
  1150 | D        | Noticed Gastronok
  1152 | D        | Noticed a salamander
  1156 | D        | Noticed a molten gargoyle
  1162 | D        | Killed a naga sharpshooter
  1166 | D        | Killed a naga warrior
  1167 | D        | Reached XP level 11. HP: 70/105 MP: 16/21
  1174 | D        | Noticed a lorocyproca
  1177 | D        | Killed Gastronok
  1178 | D        | Reached skill level 17 in Unarmed Combat
  1205 | D        | Killed a lorocyproca
  1206 | D        | Reached skill level 5 in Stealth
  1206 | D        | Reached skill level 18 in Unarmed Combat
  1247 | D        | Noticed Joseph
  1257 | D        | Killed Joseph
  1408 | D        | Bought a potion of curing for 30 gold pieces
  1408 | D        | Bought a potion of curing for 30 gold pieces
  1408 | D        | Bought a potion of heal wounds for 50 gold pieces
  1408 | D        | Bought a potion of heal wounds for 50 gold pieces
  1413 | D        | Noticed Grum
  1436 | D        | Killed Grum
  1599 | D        | Noticed an alligator
  1605 | D        | Killed an alligator
  1606 | D        | Reached skill level 19 in Unarmed Combat
  1619 | D        | Noticed a vampire mage
  1625 | D        | Killed a vampire mage
  1693 | D        | Noticed an eight-headed hydra
  1693 | D        | Noticed a boulder beetle
  1699 | D        | Killed an eight-headed hydra
  1790 | D        | Killed a boulder beetle
  1805 | D        | Reached XP level 12. HP: 118/118 MP: 20/23
  1886 | D        | Found the +7 great mace "Undeadhunter" {disrupt, rN+}
  1886 | D        | Noticed a boulder beetle
  1886 | D        | Noticed Agnes
  1886 | D        | Noticed a spriggan defender
  1886 | D        | Noticed an ice dragon
  1886 | D        | Noticed a fire dragon
  1886 | D        | Noticed a death yak
  1892 | D        | Killed a fire dragon
  1893 | D        | Reached skill level 5 in Ice Magic
  1902 | D        | Killed Agnes
  1902 | D        | Paralysed by an air elemental for 1 turns
  1903 | D        | HP: 9/210 [air elemental/stunning burst (7)]
  1907 | D        | Killed a spriggan defender
  1908 | D        | Reached skill level 20 in Unarmed Combat
  1910 | D        | HP: 3/141 [ice dragon/blast of cold (6)]
  2151 | D        | Killed a death yak
  2155 | D        | Paralysed by an air elemental for 1 turns
  2156 | D        | HP: 3/142 [air elemental/stunning burst (7)]
  2156 | D        | Slain by an ice dragon

Illustrated notes

Levels and vault maps discovered:
D:        pitsprint [storerooms_1, entrance_room_1, metal_vault_2, armoury_3,
          mini_pit_1, grid_room_1, main_hall_1, silver_pit, the_coven_2,
          the_vestibule_1, steel_vault_4, golden_pit, hallway_of_sentries,
          crystal_vault_4, iron_vault_2, final_vault]

Skill      XL: |  1  2  3  4  5  6  7  8  9 10 11 12 |
---------------+-------------------------------------+-----
Transmutations | 2 3 4 5 6 7 8 9 |  9.0
Dodging        | 2 4 5 6 7 8 9 |  9.0
Unarmed Combat | 6 8 10 11 13 14 16 19 20 | 20.0
Spellcasting   | 2 4 5 6 7 8 |  8.5
Fighting       | 1 2 3 4 5 6 7 |  7.7
Stealth        | 1 2 3 4 5 |  5.7
Poison Magic   | 1 |  1.8
Ice Magic      | 1 3 4 5 |  5.2
Shields        | 1 3 4 |  4.1

Action                   |  1- 3 |  4- 6 |  7- 9 | 10-12 || total
-------------------------+-------+-------+-------+-------++-------
Melee: Unarmed           |    25 |    36 |    58 |   171 ||   290
       Kick              |     4 |     1 |       |     6 ||    11
       Headbutt          |     2 |       |       |     8 ||    10
       Punch             |       |       |       |     1 ||     1
 Cast: Beastly Appendage |     4 |       |       |     1 ||     5
       Wereblood         |     2 |     3 |     4 |    10 ||    19
       Spider Form       |       |     2 |       |       ||     2
       Ice Form          |       |       |     4 |     9 ||    13
Invok: Call Merchant     |       |       |     1 |     4 ||     5
  Use: Potion            |       |     4 |     4 |     3 ||    11
       Scroll            |       |       |       |     2 ||     2
 Stab: Distracted        |       |     2 |       |     3 ||     5
       Sleeping          |       |     2 |       |     1 ||     3
Armor: Robe              |     7 |    10 |       |       ||    17
       Skin              |       |     1 |    41 |    20 ||    62
Dodge: Dodged            |     8 |    31 |    45 |    58 ||   142
Block: Other             |       |       |    16 |    13 ||    29

Table legend: (Time is in decaauts)
 A = Elapsed time spent in this place.
 B = Non-inter-level travel time spent in this place.
 C = Inter-level travel time spent in this place.
 D = Time resting spent in this place.
 E = Time spent auto-exploring this place.
 F = Levels seen in this place.
 G = Mean time per level.
                   A        B        C        D        E       F      G
               +--------+--------+--------+--------+--------+-----+--------+
         Total |   2084 |   2072 |     12 |    790 |      2 |   1 | 2084.0 |
       Dungeon |   2084 |   2072 |     12 |    790 |      2 |   1 | 2084.0 |
               +--------+--------+--------+--------+--------+-----+--------+

Top non-repeatable levels by time:
       D: 2084 daAuts
